 Dungeon Crawl Stone Soup version 0.19.0-9-gfd783f2 (webtiles) character file.

200 tv1990 the Bolt Thrower (level 6, -2/47 HPs)
             Began as a Formicid Arcane Marksman on Nov 7, 2016.
             Was an Initiate of Okawaru.
             Slain by an ogre
             ... wielding a +0 giant club
              (16 damage)
             ... on level 4 of the Dungeon.
             The game lasted 00:10:02 (3562 turns).

tv1990 the Bolt Thrower (Formicid Arcane Marksman)  Turns: 3562, Time: 00:10:03

Health: -2/47      AC:  9    Str: 16    XL:     6   Next: 7%
Magic:  7/7        EV:  7    Int: 12    God:    Okawaru [......]
Gold:   222        SH:  4    Dex: 12    Spells: 1 memorised, 6 levels left

rFire  . . .     SeeInvis +     a - +0 hand crossbow
rCold  . . .     Gourm    .     y - +0 chain mail (curse)
rNeg   . . .     Faith    .     g - +0 buckler
rPois  .         Spirit   .     (helmet unavailable)
rElec  .         Reflect  .     (no cloak)
rCorr  .         Harm     .     (no gloves)
MR     .....                    n - +0 pair of boots
Stlth  ..........               (no amulet)
                                (no ring)
                                (no ring)

@: no status effects
A: permanent stasis, dig shafts and tunnels, four strong arms, antennae 3
a: Dig, Shaft Self, Renounce Religion


You were on level 4 of the Dungeon.
You worshipped Okawaru.
Okawaru was noncommittal.
You were not hungry.

You visited 2 branches of the dungeon, and saw 5 of its levels.

You collected 222 gold pieces.

Inventory:

Hand Weapons
 a - a +0 hand crossbow (weapon)
 d - a +0 quarterstaff
 h - a +0 whip
Missiles
 m - 7 bolts (quivered)
Armour
 b - a +1 ring mail of magic resistance
 e - a +0 robe
 g - a +0 buckler (worn)
 n - a +0 pair of boots (worn)
 y - a cursed +0 chain mail (worn)
Wands
 v - a wand of polymorph (13/24)
Scrolls
 l - 2 scrolls of magic mapping
 t - a scroll of identify {unknown}
 w - 3 scrolls of teleportation {unknown}
Potions
 j - a potion of ambrosia {unknown}
 k - a potion of flight {unknown}
 o - 2 potions of curing
 p - a potion of invisibility {unknown}
 s - a potion of mutation {unknown}
 u - 2 potions of might {unknown}
Books
 c - a book of Debilitation

   Spells                             Type                      Level
   a - Corona                         Hexes                        1
   b - Slow                           Hexes                        2
   c - Gell's Gravitas                Hexes/Translocation          3
   d - Inner Flame                    Hexes/Fire                   3
   e - Cause Fear                     Hexes                        4
   f - Leda's Liquefaction            Hexes/Earth                  4
 q - a book of Cantrips

   Spells                             Type                      Level
   a - Confusing Touch                Hexes                        1
   b - Animate Skeleton               Necromancy                   1
   c - Summon Small Mammal            Summoning                    1
   d - Apportation                    Translocation                1
Comestibles
 f - 2 bread rations
 i - a meat ration
 r - a slice of pizza
 x - a chunk of flesh


   Skills:
 + Level 3.1 Fighting
 * Level 4.6 Crossbows
 - Level 1.7 Dodging
 + Level 2.2 Shields
 - Level 1.1 Spellcasting
 - Level 3.6 Hexes


You had 6 spell levels left.
You knew the following spells:

 Your Spells              Type           Power        Failure   Level  Hunger
a - Corona                Hex            #......      99%         1    ##.....


Dungeon Overview and Level Annotations

Branches:
Dungeon (4/15)             Temple (1/1) D:4

Altars:
Dithmenos
Elyvilon
Fedhas
Hepliaklqana
Kikubaaqudgha
Okawaru
Ru
Trog
Uskayaw
Vehumet
Xom
Zin
The Shining One

Annotations:
D:3 Rayvis's ghost, amateur DsGl


Innate Abilities, Weirdness & Mutations

You are under a permanent stasis effect.
You can dig through walls and to a lower floor.
Your four strong arms can wield two-handed weapons with a shield.
You have a pair of large antennae on your head. (SInv)


Message History

a - a +0 hand crossbow (weapon)
Firing (i - inventory):
m - 10 bolts (quivered)
Press: ? - help, Shift-Dir - straight line, f - ogre
Aim: an ogre, wielding a giant club (lightly wounded)
You shoot a bolt. The bolt hits the ogre.
The ogre is moderately wounded.
The ogre hits you with a giant club!!
* * * LOW HITPOINT WARNING * * *
Firing (i - inventory):
m - 9 bolts (quivered)
Press: ? - help, Shift-Dir - straight line, f/p - ogre
Aim: an ogre, wielding a giant club (lightly wounded)
You shoot a bolt. The bolt hits the ogre!
The ogre is heavily wounded.
The ogre barely misses you.
Firing (i - inventory):
m - 8 bolts (quivered)
Press: ? - help, Shift-Dir - straight line, f/p - ogre
Aim: an ogre, wielding a giant club (heavily wounded)
You shoot a bolt. The bolt barely misses the ogre.
The ogre hits you with a giant club!
You die...

...# #...#.# *>*
.#.#####.###.##*,*
.#.##.........#*,****
...##.##.###<.#*{,,,****
..###.##.###..####*,,,,*
..###.##.........#*,{,,*
.........###..##.#**,,,*
..###.####
#..##.#**,,,** ..# #.#
##..##@#*,,_,,* ..# #.#
##...##O#*,*∩*,* ..#
#.####....##.###*****
..# #......#..##(.(##**
..#*######...######.#,*
...,,,,,,...........#,*
*,******###.#########,*
*,********#.# *,* *****
*,,,,,,,,,,.# *,*
**,,,**


You could see an ogre.

Vanquished Creatures
  A scorpion (Temple)
  2 worker ants (D:4)
  4 adders
  A shadow imp (D:4)
  An ooze (D:2)
  2 worms (D:2)
  4 leopard geckos
  3 orcs (D:4)
  A giant cockroach (D:2)
  6 goblins
  5 hobgoblins
  3 jackals (D:2)
  5 kobolds
  2 quokkas (D:4)
  2 bats (D:1)
  4 frilled lizards
  7 rats
53 creatures vanquished.

Notes
Turn   | Place    | Note
-------+----------+-------------------------------------------
     0 | D:1      | tv1990 the Formicid Arcane Marksman began the quest for the Orb.
     0 | D:1      | Reached XP level 1. HP: 15/15 MP: 2/2
   190 | D:1      | Reached XP level 2. HP: 14/21 MP: 3/3
  1143 | D:1      | Reached skill level 3 in Crossbows
  1158 | D:2      | Found a faded altar of an unknown god.
  1246 | D:2      | Reached XP level 3. HP: 20/26 MP: 4/4
  1769 | D:2      | Reached XP level 4. HP: 33/33 MP: 5/5
  2296 | D:3      | Noticed Rayvis's ghost (amateur DsGl)
  2366 | D:4      | Found a staircase to the Ecumenical Temple.
  2373 | Temple   | Entered the Ecumenical Temple
  2379 | Temple   | Reached skill level 4 in Crossbows
  2379 | Temple   | Reached skill level 1 in Shields
  2379 | Temple   | Reached XP level 5. HP: 18/39 MP: 6/6
  2649 | Temple   | Became a worshipper of Warmaster Okawaru
  3172 | D:4      | Reached XP level 6. HP: 7/47 MP: 7/7
  3552 | D:4      | Noticed an ogre
  3562 | D:4      | Slain by an ogre

Skill      XL: |  1  2  3  4  5 |
---------------+----------------+-----
Crossbows      | 3 4 |  4.6
Fighting       | 2 3 |  3.1
Shields        | 1 2 |  2.2
Dodging        | |  1.7
Spellcasting   | |  1.1
Hexes          | |  3.6

Action                   |  1- 3 |  4- 6 || total
-------------------------+-------+-------++-------
Melee: Whip              |    97 |    68 ||   165
       Quarterstaff      |       |     2 ||     2
 Fire: Hand crossbow     |    33 |    42 ||    75
 Abil: Dig               |       |     1 ||     1
  Use: Scroll            |       |     4 ||     4
       Potion            |       |     1 ||     1
  Eat: Chunk             |     3 |     6 ||     9
Armor: Ring mail         |    45 |    25 ||    70
Dodge: Dodged            |    69 |    36 ||   105
Block: Buckler           |       |    18 ||    18

Table legend:
 A = Turns spent in this place as a percentage of turns spent in the entire game.
 B = Non-inter-level travel turns spent in this place as a percentage of non-inter-level travel turns spent in the entire game.
 C = Inter-level travel turns spent in this place as a percentage of turns spent in this place.
 D = Turns resting spent in this place as a percentage of non-inter-level travel turns spent in this place.
 E = Turns spent auto-exploring this place as a percentage of non-inter-level travel turns spent in this place.
 F = Non-inter-level travel turns spent in this place divided by the number of levels of this place that you've seen.
                   A       B       C       D       E      F
               +-------+-------+-------+-------+-------+----------------------
         Total | 100.0 | 100.0 |   1.5 |   3.2 |  16.8 | 135.8
       Dungeon |  96.5 |  96.6 |   1.4 |   2.7 |  15.9 | 164.0
        Temple |   3.5 |   3.4 |   4.2 |  17.4 |  43.5 |  23.0
               +-------+-------+-------+-------+-------+----------------------

Table legend:
 A = Kills in this place as a percentage of kills in entire the game.
 B = Kills by you in this place as a percentage of kills by you in the entire game.
 C = Kills by friends in this place as a percentage of kills by friends in the entire game.
 D = Other kills in this place as a percentage of other kills in the entire game.
 E = Experience gained in this place as a percentage of experience gained in the entire game.
 F = Experience gained in this place divided by the number of levels of this place that you have seen.
                   A       B       C       D       E      F
               +-------+-------+-------+-------+-------+----------------------
         Total | 100.0 | 100.0 |  -nan |  -nan | 100.0 |  57.4
       Dungeon |  98.1 |  98.1 |  -nan |  -nan |  77.0 |  55.2
        Temple |   1.9 |   1.9 |  -nan |  -nan |  23.0 |  66.0
               +-------+-------+-------+-------+-------+----------------------

Vault maps used:
D:1:      dpeg_arrival_rhombi
D:2:      ecumenical_altar_2
D:4:      makhleb_heckhound_becter
Temple:   minmay_crystal_snake_temple
